 Dungeon Crawl Stone Soup version 0.25.0-11-g1f837a76a1 (webtiles) character file.

Game seed: 11391979822781600212

46 MisterFreud the Slasher (level 3, -4/31 HPs)
             Began as a Minotaur Fighter on June 27, 2020.
             Killed from afar by Sigmund (7 damage)
             ... with a magic dart
             ... on level 2 of the Dungeon.
             The game lasted 00:01:22 (1241 turns).

MisterFreud the Slasher (Minotaur Fighter)          Turns: 1241, Time: 00:01:22

Health: -4/31      AC:  6    Str: 19 (21) XL:     3   Next: 46%
Magic:  2/2        EV:  7    Int:  4 (5)  God:
Gold:   105        SH:  0    Dex:  6 (9)  Spells: 2/2 levels left

rFire    . . .     SeeInvis .   a - +0 long sword
rCold    . . .     Gourm    .   c - +0 kite shield
rNeg     . . .     Faith    .   b - +0 scale mail
rPois    .         Spirit   .   (helmet restricted)
rElec    .         Reflect  .   (no cloak)
rCorr    .         Harm     .   (no gloves)
MR       .....                  (no boots)
Stlth    ..........             (no amulet)
HPRegen  0.10/turn              (no ring)
MPRegen  0.08/turn              (no ring)

@: confused
A: retaliatory headbutt, horns 2
a: no special abilities


You were on level 2 of the Dungeon.
You were not hungry.

You visited 1 branch of the dungeon, and saw 2 of its levels.

You collected 105 gold pieces.

Inventory:

Hand Weapons
 a - a +0 long sword (weapon)
Armour
 b - a +0 scale mail (worn)
 c - a +0 kite shield (worn)
Scrolls
 e - 2 scrolls of fog {unknown}
 g - a scroll of magic mapping {unknown}
 i - 2 scrolls of identify {unknown}
 l - a scroll of fear {unknown}
 n - a scroll of enchant weapon {unknown}
 o - 2 scrolls of teleportation {unknown}
 q - a scroll of remove curse {unknown}
Potions
 d - a potion of might
Comestibles
 f - 2 rations
 j - 4 chunks of flesh


   Skills:
 - Level 3.6 Fighting
 + Level 4.8 Long Blades
 - Level 3.6 Armour
 - Level 3.6 Shields


You had 2 spell levels left.
You didn't know any spells.
Your spell library was empty.

Dungeon Overview and Level Annotations

Branches:
Dungeon (2/15)

Altars:

Annotations:
D:2 Sigmund


Innate Abilities, Weirdness & Mutations

You reflexively headbutt those who attack you in melee.
You have a pair of horns on your head.


Message History

Sigmund hits you from afar with a +0 scythe.
* * * LOW HITPOINT WARNING * * *
Some of the chunks of flesh in your inventory have rotted away.
Unknown command.
Unknown command.
You aren't carrying any items that you can evoke.
Unknown command.
Unknown command.
Unknown command.
Unknown command.
Sorry, you're not good enough to have a special ability.
Okay, then.
You're too confused to move!
You bump into the rock wall.
Sigmund gestures at you while chanting. The magic dart hits you.
* * * LOW HITPOINT WARNING * * *
Sigmund casts a spell at you. The magic dart hits you!
You die...

............#........
..........#......#.#.
..........#.#.#..#.#.
#..##.#..........#.#.
#..##................
#....................
#....................
##.####..............
#...@†@w.............
#############.######.
### #


You could see Sigmund and a dart slug.

Vanquished Creatures
  2 adders (D:2)
  A worm (D:2)
  2 leopard geckos
  8 bats
  4 giant cockroaches
  2 frilled lizards
  5 kobolds
  5 rats
29 creatures vanquished.

Notes
Turn   | Place    | Note
-------+----------+-------------------------------------------
     0 | D:1      | MisterFreud the Minotaur Fighter began the quest for the
                  | Orb.
     0 | D:1      | Reached XP level 1. HP: 19/19 MP: 0/0
   166 | D:1      | Reached skill level 3 in Long Blades
   465 | D:1      | Reached XP level 2. HP: 26/26 MP: 1/1
   938 | D:2      | Reached skill level 4 in Long Blades
   960 | D:2      | Reached XP level 3. HP: 30/31 MP: 2/2
  1193 | D:2      | Noticed Sigmund
  1241 | D:2      | Killed from afar by Sigmund

Illustrated notes

Levels and vault maps discovered:
D:1:      nagdon_arrival_double_spiral, layout_basic
D:2:      layout_basic, serial_rivers, chequers_serial_rivers_micro_a,
          chequers_serial_rivers_micro_c, chequers_serial_rivers_small_b,
          chequers_serial_rivers_micro_a, chequers_serial_rivers_micro_d,
          uniq_terence, uniq_sigmund

Skill      XL: |  1  2 |
---------------+-------+-----
Long Blades    | 3 4 |  4.8
Fighting       | |  3.6
Armour         | |  3.6
Shields        | |  3.6

Action                   || total
-------------------------++-------
Melee: Long sword        ||    63
       Headbutt          ||     8
  Use: Potion            ||     5
  Eat: Chunk             ||     1
Armor: Scale mail        ||    38
Dodge: Dodged            ||    27
Block: Kite shield       ||    25
       Rpst.: Long sword ||    12
